 Dungeon Sprint DCSS version 0.21-a0-272-g984ae92 (webtiles) character file.

51 potatolord6000 the Chopper (level 3, -4/54 HPs)
             Began as a Hill Orc Monk on Sept 15, 2017.
             Was an Elder of Beogh.
             Slain by a gnoll
             ... wielding a +0 spear
              (8 damage)
             ... in the Dungeon (Sprint VII: "The Pits").
             The game lasted 00:01:08 (139 turns).

potatolord6000 the Chopper (Hill Orc Monk)           Turns: 139, Time: 00:01:09

Health: -4/54      AC:  2    Str: 19    XL:     3   Next: 81%
Magic:  0/6        EV: 13    Int: 10    God:    Beogh [****..]
Gold:   0          SH:  0    Dex: 13    Spells: 2/2 levels left

rFire    . . .     SeeInvis .   j - +2 hand axe
rCold    . . .     Gourm    .   (no shield)
rNeg     . . .     Faith    .   b - +0 robe
rPois    .         Spirit   .   (no helmet)
rElec    .         Reflect  .   (no cloak)
rCorr    .         Harm     .   (no gloves)
MR       .....     NoTele   +   (no boots)
Stlth    ..........             (no amulet)
HPRegen  0.18/turn              (no ring)
MPRegen  0.10/turn              (no ring)

@: berserking, very quick
A: no striking features
a: Smiting, Recall Orcish Followers, Renounce Religion


You were in the Dungeon.
You worshipped Beogh.
Beogh was greatly pleased with you.
You were not hungry.

You visited 1 branch

Inventory:

Hand Weapons
 j - a +2 hand axe (weapon)
Armour
 b - a +0 robe (worn)
Scrolls
 i - a scroll of blinking
 k - 3 scrolls of remove curse
 l - 5 scrolls of amnesia
 m - a scroll of summoning
Potions
 a - 2 potions of invisibility
 g - 4 potions of magic
 h - 2 potions of berserk rage
Comestibles
 c - 8 bread rations
 n - 40 fruits
 o - 7 meat rations


   Skills:
 + Level 5.4 Fighting
 + Level 6.1 Axes
 + Level 3.9 Armour
 - Level 2.4 Dodging
 - Level 1.5 Stealth
 + Level 4.1 Invocations


You had 2 spell levels left.
You didn't know any spells.

Dungeon Overview and Level Annotations

Branches:
Dungeon (1/1)

Altars:
Ashenzari
Cheibriados
Dithmenos
Elyvilon
Fedhas
Gozag
Hepliaklqana
Kikubaaqudgha
Makhleb
Nemelex Xobeh
Okawaru
Qazlal
Ru
Sif Muna
Trog
Uskayaw
Vehumet
Wu Jian
Xom
Yredelemnul
Zin
The Shining One
Beogh
Jiyva
Lugonu


Message History

You smite the crimson imp!
You kill the crimson imp!
Beogh accepts your kill.
Your Fighting skill increases to level 5!
Your Axes skill increases to level 6!
Your Armour skill increases to level 3!
Your Invocations skill gained 2 levels and is now at level 4!
You have reached level 3!
Your experience leads to an increase in your attributes!
Increase (S)trength, (I)ntelligence, or (D)exterity?
You feel stronger.
Unknown command.
Unknown command.
The gnoll hits you with a spear.
* * * LOW HITPOINT WARNING * * *
You closely miss the gnoll. The gnoll hits you with a spear.
* * * LOW HITPOINT WARNING * * *
A red film seems to cover your vision as you go berserk!
You feel yourself moving faster!
You feel mighty!
You barely miss the gnoll. The gnoll hits you with a spear!
You die...

##########'##........
#.?(.')))'.##......#.
##########.##........
#...........'........
#+#####'#####......#.
#..#.†.'.##........
#..#...#.#####'####
#..#####.##.......#
#.@'...#.##.......#
#.g'..†'.##.......#
#..########...<...#
#..+ #.......# #..#
#.......# ####
#.......# #########


You could see a gnoll.

Vanquished Creatures
  A crimson imp (D)
  An ufetubus (D)
  A leopard gecko (D)
  4 jackals (D)
  A ball python (D)
  A giant cockroach zombie (D)
  A kobold (D)
  A rat (D)
11 creatures vanquished.

Notes
Turn   | Place    | Note
-------+----------+-------------------------------------------
     0 | D        | potatolord6000 the Hill Orc Monk began the quest for the Orb.
     0 | D        | Reached XP level 1. HP: 19/19 MP: 1/1
    46 | D        | Found a bloodstained altar of Trog.
    46 | D        | Found a deep blue altar of Sif Muna.
    46 | D        | Found a viscous altar of Jiyva.
    46 | D        | Found a hazy altar of Hepliaklqana.
    46 | D        | Found an opulent altar of Gozag.
    47 | D        | Found a glowing golden altar of the Shining One.
    47 | D        | Found a glowing silver altar of Zin.
    47 | D        | Found a basalt altar of Yredelemnul.
    47 | D        | Found a shimmering altar of Xom.
    47 | D        | Found an ornate altar of the Wu Jian Council.
    47 | D        | Found a sacrificial altar of Ru.
    47 | D        | Found a stormy altar of Qazlal.
    47 | D        | Found an iron altar of Okawaru.
    47 | D        | Found a sparkling altar of Nemelex Xobeh.
    47 | D        | Found a burning altar of Makhleb.
    47 | D        | Found a blossoming altar of Fedhas.
    47 | D        | Found a white marble altar of Elyvilon.
    47 | D        | Found a shadowy altar of Dithmenos.
    47 | D        | Found a snail-covered altar of Cheibriados.
    50 | D        | Found a corrupted altar of Lugonu.
    50 | D        | Found a radiant altar of Vehumet.
    50 | D        | Found a roughly hewn altar of Beogh.
    51 | D        | Found an ancient bone altar of Kikubaaqudgha.
    51 | D        | Found a hide-covered altar of Uskayaw.
    51 | D        | Found a shattered altar of Ashenzari.
    59 | D        | Became a worshipper of Beogh the Brigand
    59 | D        | Reached * piety under Beogh
    59 | D        | Reached ** piety under Beogh
    79 | D        | Reached skill level 1 in Armour
    98 | D        | Reached skill level 1 in Invocations
    98 | D        | Reached XP level 2. HP: 27/27 MP: 1/3
   102 | D        | Reached *** piety under Beogh
   107 | D        | Noticed a crimson imp
   112 | D        | Reached skill level 5 in Axes
   113 | D        | Reached **** piety under Beogh
   135 | D        | Killed a crimson imp
   135 | D        | Reached skill level 5 in Fighting
   135 | D        | Reached skill level 6 in Axes
   135 | D        | Reached XP level 3. HP: 12/36 MP: 3/6
   139 | D        | Slain by a gnoll

Vault maps used:
D:        pitsprint

Skill      XL: |  1  2 |
---------------+-------+-----
Armour         | 2 3 |  3.9
Fighting       | 4 5 |  5.4
Invocations    | 1 4 |  4.1
Axes           | 6 |  6.1
Dodging        | |  2.4
Stealth        | |  1.5

Action                   || total
-------------------------++-------
Melee: Hand axe          ||    36
Invok: Smiting           ||     1
  Use: Potion            ||     4
 Stab: Sleeping          ||     3
Armor: Robe              ||     5
Dodge: Dodged            ||    31

Table legend:
 A = Spawn XP
 B = Non-spawn XP
 C = Spawn XP percentage of total XP
 D = Spawn monster count
 E = Non-spawn monster count
 F = Spawn count percentage of total count
 G = Total turns spent on level
                    A         B        C        D         E        F      G
               +---------+---------+-------+---------+---------+-------+---------
         Total |       0 |      73 |   0.0 |       0 |      11 |   0.0 |   139
               +---------+---------+-------+---------+---------+-------+---------
             D |       0 |      73 |   0.0 |       0 |      11 |   0.0 |   139
               +---------+---------+-------+---------+---------+-------+---------
